 Dungeon Crawl Stone Soup version 0.31-a0-1626-g5cb510d322 (webtiles) character file.

Game seed: 16581823324518217077

2 Ivernyr the Shield-Bearer (level 1, 0/18 HPs)
             Began as a Formicid Fighter on Jan 12, 2024.
             Slain by a gnoll
             ... wielding a +0 spear
              (2 damage)
             ... on level 1 of the Dungeon.
             The game lasted 00:00:15 (39 turns).

Ivernyr the Shield-Bearer (Formicid Fighter)          Turns: 39, Time: 00:00:15

Health: 0/18       AC:  6    Str: 20    XL:     1   Next: 44%
Magic:  1/1        EV:  9    Int:  7    God:
Gold:   0          SH:  5    Dex: 13    Spells: 0/0 levels left

rFire   . . .        a - +0 quarterstaff
rCold   . . .        c - +0 buckler
rNeg    . . .        b - +0 scale mail
rPois   .            (helmet unavailable)
rElec   .            (no cloak)
rCorr   .            (no gloves)
SInv    +            (no boots)
Will    .....        (no amulet) Stlth
                     (no ring)
HPRegen 0.23/turn    (no ring)
MPRegen 0.07/turn

%: no passive effects
@: no status effects
A: permanent stasis, dig shafts and tunnels, antennae 3, four strong arms
a: Dig, Shaft Self


You were on level 1 of the Dungeon.
You visited 1 branch of the dungeon, and saw 1 of its levels.

Inventory:

Hand Weapons
 a - a +0 quarterstaff (weapon)
Armour
 b - a +0 scale mail (worn)
 c - a +0 buckler (worn)
Potions
 d - a potion of might


   Skills:
 + Level 3.3 Fighting
 + Level 2.0 Staves
 + Level 3.3 Armour
 + Level 4.0 Shields


You couldn't memorise any spells.
You didn't know any spells.
Your spell library was empty.

Dungeon Overview and Level Annotations

Branches:
Dungeon (1/15)

Altars:


Innate Abilities, Weirdness & Mutations

You cannot be hasted, slowed, berserked, paralysed or teleported.
You can dig through walls and to a lower floor.
You have a pair of large antennae on your head. (SInv)
Your four strong arms can wield two-handed weapons with a shield.


Message History

The quokka misses you. You block the gnoll's attack. The endoplasm freezes you.
You are frozen.
You block the quokka's attack. The gnoll closely misses you.
The bat closely misses you. The endoplasm hits you.
The gnoll attacks as it pursues you!
The gnoll hits you from afar with a +0 spear.
You see here a hobgoblin corpse.
You closely miss the bat. The bat hits you but does no damage.
The endoplasm hits you but does no damage.
The quokka bites you.
The gnoll hits you from afar with a +0 spear.
* * * LOW HITPOINT WARNING * * *
The endoplasm hits you.
* * * LOW HITPOINT WARNING * * *
You barely miss the bat. The bat closely misses you.
The quokka closely misses you. The gnoll hits you but does no damage.
The quokka closely misses you. The endoplasm barely misses you.
You hit the endoplasm but do no damage. The bat barely misses you.
The bat hits you but does no damage.
The quokka bites you but does no damage.
The gnoll hits you but does no damage.
The endoplasm hits you but does no damage.
The bat closely misses you.
The endoplasm attacks as it pursues you!
You block the endoplasm's attack. The quokka barely misses you.
The gnoll hits you but does no damage. The bat hits you but does no damage.
The quokka barely misses you.
You hit the endoplasm.
The endoplasm is heavily wounded.
You block the bat's attack. You block the endoplasm's attack.
The gnoll closely misses you. The quokka bites you.
* * * LOW HITPOINT WARNING * * *
You hit the endoplasm.
You kill the endoplasm!
The bat closely misses you. The gnoll hits you but does no damage.
The quokka closely misses you.
You barely miss the quokka. The bat closely misses you.
The quokka barely misses you.
The gnoll hits you from afar with a +0 spear.
You die...

... #................#
....#....##..........#
....#..#.............#
...?...#.............#
.#...................#
..........#..........#
....)..g..#......##.####
..#....†rb#......##....#
#......@#########.##.##
......######≈≈≈≈≈≈.≈≈≈..##
...... #≈≈≈≈≈≈.≈≈≈≈≈...
.....# ≈≈≈≈≈≈≈.≈≈≈≈≈≈#.
..... ≈≈8≈≈≈≈≈[≈≈8≈≈≈.
..... ≈≈≈≈≈≈≈≈≈.≈≈≈≈≈.
.... ≈≈≈~~~≈≈≈.≈≈≈≈≈.
≈≈~≈≈≈~≈≈.≈≈≈≈≈.
~~≈≈≈≈>..≈≈≈≈≈≈.


You could see a gnoll, a quokka and a bat.

Vanquished Creatures
  An endoplasm (D:1)
  A hobgoblin (D:1)
2 creatures vanquished.

Notes
Turn   | Place    | Note
-------+----------+-------------------------------------------
     0 | D:1      | Ivernyr the Formicid Fighter began the quest for the Orb.
     0 | D:1      | Reached XP level 1. HP: 18/18 MP: 1/1
    39 | D:1      | Slain by a gnoll

Illustrated notes

Levels and vault maps discovered:
D:1:      nzn_arrival_water_spiral, layout_basic, chequers_jeans

Action                     || total
---------------------------++-------
  Melee: Quarterstaff      ||    13
 Armour: Scale mail        ||    25
  Dodge: Dodged            ||    23
  Block: Buckler           ||     8

Table legend: (Time is in decaauts)
 A = Elapsed time spent in this place.
 B = Non-inter-level travel time spent in this place.
 C = Inter-level travel time spent in this place.
 D = Time resting spent in this place.
 E = Time spent auto-exploring this place.
 F = Levels seen in this place.
 G = Mean time per level.
                   A        B        C        D        E       F      G
               +--------+--------+--------+--------+--------+-----+--------+
         Total |     41 |     41 |      0 |      0 |     19 |   1 |   41.0 |
       Dungeon |     41 |     41 |      0 |      0 |     19 |   1 |   41.0 |
               +--------+--------+--------+--------+--------+-----+--------+

Top non-repeatable levels by time:
     D:1: 41 daAuts
